 Dungeon Crawl Stone Soup version 0.22-a0-618-gd6a3efe (webtiles) character file.

6963 Hebeh the Thaumaturge (level 10, -7/56 HPs)
             Began as a Deep Elf Fire Elementalist on July 13, 2018.
             Was a Follower of Vehumet.
             Mangled by a troll (13 damage)
             ... on level 9 of the Dungeon on July 14, 2018.
             The game lasted 01:37:31 (14489 turns).

Hebeh the Thaumaturge (Deep Elf Fire Elementalist) Turns: 14489, Time: 01:37:31

Health: -7/56      AC:  7    Str: 10    XL:     10   Next: 81%
Magic:  18/26      EV: 20    Int: 32    God:    Vehumet [*.....]
Gold:   244        SH:  5    Dex: 15    Spells: 6/30 levels left

rFire    . . .     SeeInvis .   a - +2 flail (protect)
rCold    . . .     Gourm    +   o - +0 buckler
rNeg     + . .     Faith    .   x - +2 robe {rN+}
rPois    .         Spirit   .   m - +1 helmet of Repulsion {Str+5 Int+4}
rElec    .         Reflect  .   (no cloak)
rCorr    .         Harm     .   e - +0 pair of gloves
MR       +....                  (no boots)
Stlth    ++........             r - amulet of the gourmand
HPRegen  0.18/turn              q - +4 ring of intelligence
MPRegen  0.20/turn              t - +4 ring of evasion

@: no status effects
A: no striking features
a: Renounce Religion


You were on level 9 of the Dungeon.
You worshipped Vehumet.
Vehumet was aware of your devotion.
You were completely stuffed.

You visited 2 branches of the dungeon, and saw 10 of its levels.

You collected 402 gold pieces.
You spent 158 gold pieces at shops.

Inventory:

Hand Weapons
 a - a +2 flail of protection (weapon)
 b - a +0 shortbow
 y - a +2 short sword of speed
 F - a +0 hunting sling
Missiles
 g - 174 stones
 h - 227 arrows
 B - 7 tomahawks (quivered)
 H - 32 bolts
 I - 70 sling bullets
Armour
 e - a +0 pair of gloves (worn)
 m - the +1 helmet of Repulsion (worn) {Str+5 Int+4}
   (You found it on level 5 of the Dungeon)

   It affects your strength (+5).
   It affects your intelligence (+4).
 o - a +0 buckler (worn)
 x - a +2 robe of positive energy (worn)
Jewellery
 q - a +4 ring of intelligence (left hand)
 r - an amulet of the gourmand (around neck)
 t - a +4 ring of evasion (right hand)
Wands
 k - a wand of flame (27)
 K - a wand of digging (10)
Scrolls
 d - 2 scrolls of enchant armour
 i - 11 scrolls of teleportation
 n - a scroll of magic mapping
 p - 3 scrolls of amnesia
 u - a scroll of identify
 C - 4 scrolls of fear
 D - 2 scrolls of remove curse
 E - a scroll of immolation
 G - 2 scrolls of blinking
Potions
 f - 5 potions of curing
 j - 2 potions of magic {unknown}
 l - 3 potions of flight
 s - 2 potions of mutation
 v - 2 potions of haste {unknown}
 w - a potion of brilliance {unknown}
 z - 2 potions of heal wounds {unknown}
 A - a potion of cancellation {unknown}
 J - a potion of agility {unknown}
 M - a potion of lignification {unknown}
Comestibles
 c - 14 rations
 L - 3 chunks of flesh


   Skills:
 + Level 3.0 Fighting
 - Level 6.7 Dodging
 - Level 2.4 Stealth
 - Level 4.0 Shields
 * Level 10.5 Spellcasting
 * Level 10.1 Conjurations
 * Level 2.4 Translocations
 * Level 9.0 Fire Magic


You had 6 spell levels left.
You knew the following spells:

 Your Spells              Type           Power        Failure   Level  Hunger
a - Flame Tongue          Conj/Fire      #####        1%          1    None
b - Magic Dart            Conj           ####         1%          1    None
c - Conjure Flame         Conj/Fire      ######..     1%          3    None
d - Fireball              Conj/Fire      ######....   1%          5    ###....
e - Inner Flame           Hex/Fire       #####...     1%          3    None
f - Sticky Flame          Conj/Fire      ######..     1%          4    None
g - Blink                 Tloc           N/A          1%          2    None
h - Mephitic Cloud        Conj/Pois/Air  #####...     2%          3    None
i - Throw Flame           Conj/Fire      ######       1%          2    None

Your spell library contained the following spells:

 Spells                   Type           Power        Failure   Level  Hunger
 Slow                     Hex            ###.....     4%          2    None
 Call Imp                 Summ           ###.....     4%          2    None


Dungeon Overview and Level Annotations

Branches:
Dungeon (9/15)             Temple (1/1) D:5             Orc (0/2) D:9
   Lair: D:8-11

Altars:
Ashenzari
Cheibriados
Dithmenos
Elyvilon
Fedhas
Gozag
Hepliaklqana
Kikubaaqudgha
Makhleb
Nemelex Xobeh
Okawaru
Qazlal
Ru
Sif Muna
Trog
Uskayaw
Vehumet
Wu Jian
Xom
Yredelemnul
Zin
The Shining One

Shops:
D:5 ?   D:8 *

Annotations:
D:4 exclusion: oklob plant


Message History

The flame tongue misses the centaur.
The centaur barely misses you. x2
Casting: Flame Tongue (safe; 1% risk of failure)
Confirm with . or Enter, or press ? or * to list all spells.
Aiming: Flame Tongue (safe; 1% risk of failure)
Press: ? - help, Shift-Dir - straight line, f/p - centaur
Aim: a centaur, wielding a shortbow (severely wounded)
The flame tongue hits the centaur.
You kill the centaur!
Vehumet accepts your kill. You block the troll's attack. The troll claws you!
The troll claws you.
Casting: Flame Tongue (safe; 1% risk of failure)
Confirm with . or Enter, or press ? or * to list all spells.
Aiming: Flame Tongue (safe; 1% risk of failure)
Press: ? - help, Shift-Dir - straight line, f - troll
Aim: a troll The flame tongue misses the troll.
The troll completely misses you. The troll claws you!
* * * LOW HITPOINT WARNING * * *
The troll claws you!
You die...

§...≈≈ ................ ......
................ .....
.......((.# ##.## ########..#
...# #(|# ...# #..#
...##############(†##############
'#..............T).....[.........
_#..............@.....).......<..
'#...........)....(...†.?........
............#####################
............# ............#
............# ............#
...........># ............#


You could see a troll.

Vanquished Creatures
  A two-headed ogre (D:5)
  Joseph (D:7)
  A hornet (D:8)
  2 hippogriffs (D:9)
  5 yaks
  A human (D:8)
  4 hogs (D:8)
  Menkaure (D:6)
  An orc warrior (D:3)
  Duvessa (D:5)
  An ice beast (D:6)
  A black bear (D:8)
  A necrophage (D:6)
  A sky beast (D:8)
  3 phantoms
  4 ogres
  6 centaurs
  2 big kobolds
  3 bullfrogs
  Dowan (D:5)
  A water moccasin zombie (D:5)
  6 scorpions
  5 killer bees
  3 howler monkeys (D:9)
  A bullfrog zombie (D:9)
  A quasit (D:7)
  3 hounds
  4 jellies
  2 orc priests
  7 orc wizards
  A bullfrog skeleton (D:8)
  5 iguanas
  12 worker ants
  A hound zombie (D:5)
  A hound skeleton (D:4)
  7 adders
  4 gnolls (D:2)
  2 oozes
  An adder skeleton (D:4)
  5 dart slugs
  5 worms
  6 leopard geckos
  29 orcs
  6 bats
  7 giant cockroaches
  5 goblins
  12 hobgoblins
  12 jackals
  6 quokkas
  A ball python (D:2)
  A ball python zombie (D:5)
  6 frilled lizards
  17 kobolds
  A leopard gecko zombie (D:5)
  11 rats
  A butterfly (D:7)
239 creatures vanquished.

Notes
Turn   | Place    | Note
-------+----------+-------------------------------------------
     0 | D:1      | Hebeh the Deep Elf Fire Elementalist began the quest for the Orb.
     0 | D:1      | Reached XP level 1. HP: 10/10 MP: 6/6
   181 | D:1      | Reached XP level 2. HP: 15/15 MP: 5/8
   857 | D:1      | Reached XP level 3. HP: 19/19 MP: 6/9
  1306 | D:1      | Learned a level 2 spell: Throw Flame
  1310 | D:1      | Learned a level 3 spell: Conjure Flame
  1844 | D:2      | Reached XP level 4. HP: 24/24 MP: 4/11
  3121 | D:3      | Found a burning altar of Makhleb.
  3135 | D:3      | Found a snail-covered altar of Cheibriados.
  3414 | D:3      | Reached XP level 5. HP: 28/28 MP: 10/13
  3493 | D:3      | Noticed an orc warrior
  3511 | D:3      | Found a shimmering altar of Xom.
  3909 | D:3      | Killed an orc warrior
  4261 | D:4      | Noticed a phantom
  4541 | D:4      | Killed a phantom
  4541 | D:4      | Reached XP level 6. HP: 32/32 MP: 6/15
  4729 | D:4      | Found a glowing golden altar of the Shining One.
  5397 | D:4      | Found a blossoming altar of Fedhas.
  5412 | D:4      | Noticed an oklob plant
  5456 | D:4      | Reached skill level 5 in Spellcasting
  5702 | D:4      | Reached skill level 5 in Dodging
  5702 | D:4      | Reached skill level 5 in Conjurations
  5702 | D:4      | Reached XP level 7. HP: 36/36 MP: 7/16
  6239 | D:5      | Entered Level 5 of the Dungeon
  6245 | D:5      | Reached skill level 5 in Fire Magic
  6657 | D:5      | Noticed a two-headed ogre
  6773 | D:5      | Noticed Duvessa
  6774 | D:5      | Noticed Dowan
  6786 | D:5      | Killed Duvessa
  6792 | D:4      | Reached XP level 8. HP: 35/41 MP: 9/19
  6860 | D:5      | Killed Dowan
  7014 | D:5      | Found a staircase to the Ecumenical Temple.
  7052 | Temple   | Entered the Ecumenical Temple
  7349 | D:5      | Killed a two-headed ogre
  7519 | D:5      | Noticed a dagger
  7520 | D:5      | Found a hide-covered altar of Uskayaw.
  7521 | D:5      | Noticed a dagger
  7810 | D:5      | Got a faintly glowing helmet
  7831 | D:5      | Learned a level 5 spell: Fireball
  7835 | D:5      | Learned a level 3 spell: Inner Flame
  7844 | D:5      | Identified the +1 helmet of Repulsion {Str+5 Int+4} (You found it on level 5 of the Dungeon)
  7928 | D:5      | Found Ytyifaf's Magic Scroll Shop.
  7937 | D:5      | Reached XP level 9. HP: 35/45 MP: 16/22
  8022 | D:5      | Bought a scroll of identify for 20 gold pieces
  8022 | D:5      | Bought a scroll of identify for 20 gold pieces
  8178 | D:5      | Found a deep blue altar of Sif Muna.
  8252 | D:5      | Bought 3 scrolls of teleportation for 90 gold pieces
  8448 | D:6      | Learned a level 4 spell: Sticky Flame
  8502 | D:6      | Reached skill level 1 in Shields
  8760 | D:6      | Noticed Menkaure
  8761 | D:6      | Killed Menkaure
  8853 | D:6      | Reached skill level 1 in Fighting
  9220 | D:6      | Found an ornate altar of the Wu Jian Council.
  9776 | D:6      | HP: 2/48 [poisoned by a killer bee]
 10257 | D:7      | Found a blossoming altar of Fedhas.
 10393 | D:7      | Found a runed door.
 10410 | D:7      | Found a runed door.
 10573 | D:7      | Found a glowing silver altar of Zin.
 10659 | D:7      | Found an opulent altar of Gozag.
 10693 | D:7      | Noticed Joseph
 10703 | D:7      | Killed Joseph
 10703 | D:7      | Reached XP level 10. HP: 25/53 MP: 8/25
 10866 | D:7      | Found a stormy altar of Qazlal.
 12359 | D:8      | Found Xoeff's Assorted Antiques.
 12367 | D:8      | Bought a scroll labeled CIPU FOKLOFRY for 28 gold pieces
 12562 | D:8      | Learned a level 1 spell: Magic Dart
 12565 | D:8      | Learned a level 2 spell: Blink
 12569 | D:8      | Learned a level 3 spell: Mephitic Cloud
 12696 | D:8      | Found a radiant altar of Vehumet.
 12705 | D:8      | Became a worshipper of Vehumet
 13166 | D:8      | Reached skill level 10 in Spellcasting
 13535 | D:9      | Reached skill level 1 in Translocations
 13688 | D:9      | Reached * piety under Vehumet
 13688 | D:9      | Offered knowledge of Sandblast by Vehumet.
 13961 | D:8      | Reached skill level 10 in Conjurations
 14295 | D:9      | Found a staircase to the Orcish Mines.
 14310 | D:9      | Found a stormy altar of Qazlal.
 14357 | D:9      | Found a bloodstained altar of Trog.
 14489 | D:9      | Mangled by a troll

Vault maps used:
D:1:      minmay_arrival_wavy_path, serial_corexii_hall, corexii_hall_statues_x,
          corexii_hall_statues_t, minmay_misc_feat_four_crosses
D:3:      kennysheep_slug_shrine, overflow_temple_1_default,
          overflow_temple_1_default
D:4:      tso_oasis_becter, tgw_fedhas, first_ration
D:5:      dancing_weapons_uskayaw, minmay_temple_entry_grid, serial_shops,
          shop_fountains, lemuel_blue_sif_altar, uniq_duvessa
D:6:      marbit_many_paths, uniq_menkaure
D:7:      lemuel_insect_pit, old_standard_altar, grunt_gozag_breadcrumbs,
          hangedman_feature_mirror, uniq_joseph
D:8:      old_standard_altar, serial_shops, shop, grunt_livestock
D:9:      nicolae_qazlal_general_emergency, kennysheep_mini_moat, uniq_erolcha
Temple:   jpeg_temple_island

Skill      XL: |  1  2  3  4  5  6  7  8  9 10 |
---------------+-------------------------------+-----
Dodging        | 3 4 5 6 |  6.7
Conjurations   | 2 3 4 5 6 8 9 10 | 10.1
Spellcasting   | 4 5 6 7 9 10 | 10.5
Fire Magic     | 4 5 6 7 9 |  9.0
Shields        | 3 4 |  4.0
Fighting       | 2 3 |  3.0
Translocations | 2 |  2.4
Stealth        | |  2.4

Action                   |  1- 3 |  4- 6 |  7- 9 | 10-12 || total
-------------------------+-------+-------+-------+-------++-------
Melee: Dagger            |       |     5 |     6 |       ||    11
       Flail             |       |       |       |     2 ||     2
 Fire: Shortbow          |       |       |     5 |       ||     5
Throw: Stone             |    68 |    68 |     4 |       ||   140
 Cast: Flame Tongue      |    69 |   147 |   220 |   197 ||   633
       Conjure Flame     |     1 |     5 |     7 |     4 ||    17
       Throw Flame       |       |     1 |    29 |     4 ||    34
       Fireball          |       |       |     4 |     5 ||     9
       Sticky Flame      |       |       |     3 |       ||     3
       Magic Dart        |       |       |       |    41 ||    41
       Mephitic Cloud    |       |       |       |     6 ||     6
       Blink             |       |       |       |     3 ||     3
       Inner Flame       |       |       |       |     1 ||     1
  Use: Scroll            |       |    10 |     4 |     4 ||    18
       Potion            |       |       |     1 |       ||     1
  Eat: Chunk             |     3 |    12 |    28 |    12 ||    55
Armor: Robe              |     3 |     4 |    17 |    23 ||    47
Dodge: Dodged            |    10 |    29 |    97 |   115 ||   251
Block: Buckler           |       |       |       |    21 ||    21

Table legend:
 A = Spawn XP
 B = Non-spawn XP
 C = Spawn XP percentage of total XP
 D = Spawn monster count
 E = Non-spawn monster count
 F = Spawn count percentage of total count
 G = Total turns spent on level
                    A         B        C        D         E        F      G
               +---------+---------+-------+---------+---------+-------+---------
         Total |       0 |    9948 |   0.0 |       0 |     238 |   0.0 | 14489
               +---------+---------+-------+---------+---------+-------+---------
           D:1 |       0 |      53 |   0.0 |       0 |      29 |   0.0 |  1311
           D:2 |       0 |     104 |   0.0 |       0 |      27 |   0.0 |  1629
           D:3 |       0 |     205 |   0.0 |       0 |      21 |   0.0 |  1207
           D:4 |       0 |     617 |   0.0 |       0 |      30 |   0.0 |  2211
           D:5 |       0 |    2007 |   0.0 |       0 |      25 |   0.0 |  1689
           D:6 |       0 |    1485 |   0.0 |       0 |      30 |   0.0 |  1861
           D:7 |       0 |    2102 |   0.0 |       0 |      26 |   0.0 |  1801
           D:8 |       0 |    1952 |   0.0 |       0 |      28 |   0.0 |  1810
           D:9 |       0 |    1423 |   0.0 |       0 |      22 |   0.0 |   737
               +---------+---------+-------+---------+---------+-------+---------
